Map: Lerilak Crest

Players

LilDicky

  • Race: Terran Terran
  • League: Diamond

quickatrigga - Winner!

  • Race: Terran Terran
  • League: Diamond

VOD

http://www.twitch.tv/tumescentpie

Description

Time

  • Played on: Dec. 12, 2015, 3:13 p.m.
  • Length: 5:30
Show
View Real Time Build Order
Export as new Build Order

LilDicky Terran 

Build Orders:  

Get SALT Encoding   

  12  0:02  SCV  
  13  0:14  SCV  
  13  0:18  Supply Depot  
  14  0:26  SCV  
  15  0:39  SCV  
  16  0:44  Refinery  
  16  0:46  Barracks  
  16  0:52  SCV  
  17  1:04  SCV  
  18  1:16  SCV  
  19  1:28  SCV  
  20  1:36  Reaper  
  21  1:40  Orbital Command  
  21  1:46  Refinery  
  21  1:49  Supply Depot  
  21  2:06  SCV  
  21  2:08  Marine  
  23  2:24  Command Center  
  23  2:26  SCV  
  23  2:27  Marine  
  25  2:31  Factory  
  25  2:38  SCV, Supply Depot  
  26  2:47  Marine  
  26  2:50  SCV  
  28  3:02  SCV  
  28  3:03  Supply Depot  
  29  3:14  SCV  
  30  3:20  Marine  
  30  3:22  Factory Reactor  
  30  3:24  Starport  
  30  3:27  SCV, Supply Depot  
  32  3:38  Marine  
  32  3:39  SCV  
  33  3:43  Orbital Command  
  33  3:51  SCV  
  34  3:56  Marine  
  34  3:57  Supply Depot  
  35  4:04  Starport Tech Lab  
  35  4:06  Hellion x2  
  35  4:07  SCV  
  40  4:13  SCV  
  40  4:14  Supply Depot  
  38  4:27  SCV  
  38  4:28  Hellion  
  38  4:29  Banshee, Hellion  
  42  4:32  Marine  
  43  4:40  SCV  
  43  4:43  SCV  
  45  4:48  Supply Depot  
  45  4:53  Marine  
  46  5:02  SCV  
  46  5:03  SCV  
  52  5:14  SCV  
  52  5:19  Supply Depot  
Show
View Real Time Build Order
Export as new Build Order

quickatrigga Terran - Winner!

Build Orders: Cyclone Opening 

Get SALT Encoding   

  12  0:01  SCV  
  13  0:13  SCV  
  14  0:18  Supply Depot  
  14  0:25  SCV  
  14  0:27  Refinery  
  15  0:40  SCV  
  16  0:45  Barracks  
  16  0:52  SCV  
  17  0:59  Refinery  
  18  1:04  SCV  
  18  1:16  SCV  
  19  1:28  SCV  
  20  1:34  Factory  
  20  1:35  Barracks Tech Lab  
  20  1:44  Orbital Command  
  20  1:54  Supply Depot  
  20  2:03  Marauder  
  22  2:09  SCV  
  22  2:21  SCV  
  23  2:30  Barracks Reactor  
  23  2:32  Factory  
  23  2:33  SCV  
  24  2:38  Supply Depot  
  24  2:45  SCV  
  24  2:49  Cyclone  
  28  2:59  Mag-Field Accelerator  
  28  3:27  Barracks Tech Lab  
  28  3:29  Supply Depot  
  28  3:32  Hellion, Engineering Bay  
  28  3:33  Hellion  
  32  3:34  Cyclone  
  35  3:52  Supply Depot  
  35  3:55  Hellion x2  
  39  3:58  Marine  
  40  4:05  Missile Turret  
  40  4:08  Missile Turret  
  40  4:14  Missile Turret  
  40  4:37  Marine  
  41  4:39  Missile Turret  
  41  4:40  Cyclone  
  41  4:44  Supply Depot  
  44  4:59  Starport  
  44  5:03  Factory Tech Lab  
  44  5:05  Barracks  
Tags
 
Add a new tag
Caveats
  • Supply blocks, unpowered buildings, or Contaminate may cause inaccurate times.
  • Supply counts are checked every 10 seconds.